Construct Weapon Support Center
Selects Airborne Battlegroup
Selects Smoke Bombing Run
M3 Armored Personnel Carrier
M3 Armored Personnel Carrier
Advanced Air Reconnaissance
Grasshopper High-Altitude Recon Run
Selects Paratrooper Squad Paradrop
Selects Anti-tank Gun Team Paradrop
Anti-tank Gun Team Paradrop
Paratrooper Squad Paradrop
Grasshopper High-Altitude Recon Run
Paratrooper Squad Paradrop
Grasshopper High-Altitude Recon Run
M18 Hellcat Tank Destroyer
Grasshopper High-Altitude Recon Run
M18 Hellcat Tank Destroyer
Grasshopper High-Altitude Recon Run
M18 Hellcat Tank Destroyer
Paratrooper Squad Paradrop